 Dungeon Sprint DCSS version 0.29-a0-369-gd956c00756 (webtiles) character file.

Game seed: 2773003482231765972

3719 mhtbhm the Fighter (level 9, -13/107 HPs)
             Began as a Troll Berserker on May 1, 2022.
             Was a High Priest of Trog.
             Mangled by a cane toad (26 damage)
             ... in the Dungeon (Sprint IX: "|||||||||||||||||||||||||||||").
             The game lasted 00:02:23 (931 turns).

mhtbhm the Fighter (Troll Berserker)                 Turns: 931, Time: 00:02:24

Health: -13/107    AC:  6    Str: 31    XL:     9   Next: 92%
Magic:  8/8        EV: 14    Int:  3    God:    Trog [*****.]
Gold:   17         SH:  0    Dex:  9    Spells: 8/8 levels left

rFire   . . .      SeeInvis .   j - +8 demon blade "Leech" {vamp, Harm Drain rN+}
rCold   . . .      Faith    .   (no shield)
rNeg    + . .      Spirit   .   a - +0 animal skin
rPois   .          Reflect  .   (helmet restricted)
rElec   .          Harm     +   (no cloak)
rCorr   .          Rampage  .   (gloves unavailable)
Will    .....      NoTele   +   (boots unavailable)
Stlth   +.........              (no amulet)
HPRegen 1.07/turn               k - +2 ring of protection
MPRegen 0.11/turn               l - +2 ring of evasion

@: lethally poisoned (-13 -> -28)
A: large, unfitting armour, claws 3, regeneration 1, shaggy fur 1, tough skin 1
a: Renounce Religion, Berserk, Trog's Hand, Brothers in Arms


You were in the Dungeon.
You worshipped Trog.
Trog was extremely pleased with you.
You visited 1 branch You collected 17 gold pieces.

Inventory:

Hand Weapons
 j - the +8 demon blade "Leech" (weapon) {vamp, Harm Drain rN+}
   (You found it in the Dungeon)

   It heals its wielder for a portion of the damage dealt every time it strikes
   a living foe.
   rN:        It protects you from negative energy.
   Drain:     It drains your maximum health when unequipped.
   Harm:      It increases damage dealt and taken.
Missiles
 m - 9 large rocks (quivered)
Armour
 a - a +0 animal skin (worn)
Jewellery
 k - a +2 ring of protection (left claw)
 l - a +2 ring of evasion (right claw)
Wands
 i - a wand of acid (2)
Scrolls
 g - 3 scrolls of blinking
 q - 2 scrolls of fog
 r - a scroll of fear
 s - a scroll of immolation
Potions
 b - a potion of curing
 c - 5 potions of heal wounds
 d - a potion of haste
 e - 4 potions of magic
 f - a potion of berserk rage
 h - a potion of invisibility
 n - a potion of mutation
 o - a potion of might
 p - a potion of resistance


   Skills:
 * Level 12.4 Fighting
 * Level 10.0 Long Blades
 + Level 10.0 Dodging
 + Level 0.1 Stealth
 - Level 7.5 Unarmed Combat
 + Level 2.8 Evocations


You had 8 spell levels left.
You didn't know any spells.
Your spell library was empty.

Dungeon Overview and Level Annotations

Branches:
Dungeon (1/1)

Altars:
Cheibriados
Dithmenos
Elyvilon
Fedhas
Gozag
Hepliaklqana
Kikubaaqudgha
Makhleb
Nemelex Xobeh
Okawaru
Qazlal
Ru
Sif Muna
Trog
Uskayaw
Vehumet
Wu Jian
Xom
Yredelemnul
Zin
The Shining One
Beogh
Jiyva
Lugonu


Innate Abilities, Weirdness & Mutations

You are too large for most types of armour.
You have claws for hands.
Your natural rate of healing is unusually fast.
You are covered in fur. (AC +1)
You have tough skin. (AC +1)


Message History

The cane toad stings you. The cane toad stings you!
The cane toad stings you but does no damage. x3
You turn to flesh and can move again.
Unknown command.
Unknown command.
You closely miss the cane toad.
The cane toad is heavily wounded.
The cane toad closely misses you.
You hit the cane toad but do no damage.
The cane toad is heavily wounded.
The cane toad stings you.
You barely miss the cane toad.
The cane toad is heavily wounded.
Unknown command.
You hit the cane toad.
You feel better.
The cane toad is severely wounded.
The cane toad stings you!!
* * * LOW HITPOINT WARNING * * *
You hit the cane toad but do no damage.
The cane toad is severely wounded.
The cane toad stings you!
* * * LOW HITPOINT WARNING * * *
You are poisoned.
The cane toad poisons you!
You hit the cane toad.
You feel better.
The cane toad is almost dead.
You feel very sick. The cane toad closely misses you.
Unknown command.
You feel better. The cane toad stings you!
* * * LOW HITPOINT WARNING * * *
You are lethally poisoned!
The cane toad poisons you!
Unknown command.
You feel better. The cane toad stings you.
* * * LOW HITPOINT WARNING * * *
You are lethally poisoned!
The cane toad poisons you! The cane toad stings you!!
You die...

▓▓▓▓▓▓▓▓▓▓▓▓▓▓▓▓▓▓▓▓▓▓▓▓▓▓▓▓▓▓▓▓▓
_____________________'...†)'....)
▓▓▓▓▓▓▓▓▓▓▓▓▓▓▓▓▓▓▓▓▓▓▓▓▓▓▓▓▓▓▓▓▓
.................................
▓▓▓▓▓▓▓▓▓▓▓▓▓▓▓▓▓▓▓▓▓▓▓▓▓▓▓▓▓▓▓▓▓
....lSF@÷....[.......'..
▓▓▓▓▓▓▓▓▓▓▓▓▓▓▓▓▓▓▓▓▓▓▓▓


You could see a komodo dragon, a black mamba and a cane toad.

Vanquished Creatures
  A boulder beetle (D)
  A deep elf pyromancer (D)
  2 cyclopes (D)
  An unseen horror (D)
  3 komodo dragons (D)
  A troll (D)
  A shadow (D)
  A wyvern (D)
  A basilisk (D)
  A yak (D)
  A water moccasin (D)
  A centaur (D)
  A bullfrog (D)
  2 killer bees (D)
  An ufetubus (D)
  A goblin (D)
  2 quokkas (D)
  3 ball pythons (D)
  A rat (D)
26 creatures vanquished.

Vanquished Creatures (others)
  A two-headed ogre (D)
  A deep elf pyromancer (D)
2 creatures vanquished.

Grand Total: 28 creatures vanquished

Notes
Turn   | Place    | Note
-------+----------+-------------------------------------------
     0 | D        | mhtbhm the Troll Berserker began the quest for the Orb.
     0 | D        | Reached XP level 1. HP: 22/22 MP: 0/0
     8 | D        | Reached ** piety under Trog
   118 | D        | Noticed a water moccasin
   118 | D        | Noticed a centaur
   127 | D        | Killed a centaur
   127 | D        | Reached *** piety under Trog
   128 | D        | Reached skill level 4 in Fighting
   128 | D        | Reached skill level 5 in Unarmed Combat
   128 | D        | Reached XP level 2. HP: 33/33 MP: 1/1
   128 | D        | Reached XP level 3. HP: 40/40 MP: 2/2
   128 | D        | Reached XP level 4. HP: 49/49 MP: 3/3
   139 | D        | Killed a water moccasin
   140 | D        | Reached skill level 6 in Fighting
   140 | D        | Reached XP level 5. HP: 36/59 MP: 4/4
   144 | D        | Found a snail-covered altar of Cheibriados.
   144 | D        | Found a shadowy altar of Dithmenos.
   144 | D        | Found a white marble altar of Elyvilon.
   144 | D        | Found a blossoming altar of Fedhas.
   144 | D        | Found an opulent altar of Gozag.
   145 | D        | Found a hazy altar of Hepliaklqana.
   146 | D        | Found a viscous altar of Jiyva.
   147 | D        | Found an ancient bone altar of Kikubaaqudgha.
   148 | D        | Found a corrupted altar of Lugonu.
   149 | D        | Found a burning altar of Makhleb.
   150 | D        | Found a sparkling altar of Nemelex Xobeh.
   151 | D        | Found an iron altar of Okawaru.
   152 | D        | Found a stormy altar of Qazlal.
   153 | D        | Found a sacrificial altar of Ru.
   154 | D        | Found a shimmering blue altar of Sif Muna.
   155 | D        | Found a bloodstained altar of Trog.
   156 | D        | Found a hide-covered altar of Uskayaw.
   157 | D        | Found a radiant altar of Vehumet.
   158 | D        | Found an ornate altar of the Wu Jian Council.
   159 | D        | Found a shimmering altar of Xom.
   160 | D        | Found a basalt altar of Yredelemnul.
   161 | D        | Found a glowing silver altar of Zin.
   162 | D        | Found a glowing golden altar of the Shining One.
   170 | D        | Found the +8 demon blade "Leech" {vamp, Harm Drain rN+}
   296 | D        | Noticed a troll
   296 | D        | Noticed a shadow
   296 | D        | Noticed a wyvern
   301 | D        | Reached **** piety under Trog
   302 | D        | Reached skill level 1 in Long Blades
   304 | D        | Killed a wyvern
   305 | D        | Reached skill level 7 in Fighting
   305 | D        | Reached XP level 6. HP: 72/72 MP: 5/5
   310 | D        | HP: 2/72 [something (34)]
   316 | D        | Killed a shadow
   317 | D        | Reached skill level 8 in Fighting
   317 | D        | Reached XP level 7. HP: 40/81 MP: 6/6
   327 | D        | Killed a troll
   328 | D        | Reached skill level 9 in Fighting
   329 | D        | Killed an unseen horror
   329 | D        | Reached ***** piety under Trog
   330 | D        | Reached skill level 10 in Fighting
   330 | D        | Reached skill level 1 in Evocations
   330 | D        | Reached XP level 8. HP: 45/93 MP: 7/7
   385 | D        | Noticed a two-headed ogre
   385 | D        | Noticed a boulder beetle
   385 | D        | Noticed a deep elf pyromancer
   385 | D        | Noticed a deep elf pyromancer
   385 | D        | Noticed a cyclops
   385 | D        | Noticed a cyclops
   389 | D        | Killed a cyclops
   390 | D        | Reached skill level 5 in Long Blades
   401 | D        | Killed a cyclops
   401 | D        | Received a gift from Trog
   402 | D        | Reached skill level 11 in Fighting
   403 | D        | Killed a two-headed ogre
   403 | D        | Killed a deep elf pyromancer
   410 | D        | Killed a deep elf pyromancer
   411 | D        | Reached XP level 9. HP: 55/105 MP: 8/8
   413 | D        | Killed a boulder beetle
   686 | D        | Noticed a komodo dragon
   686 | D        | Noticed a komodo dragon
   686 | D        | Noticed a komodo dragon
   688 | D        | Noticed a cane toad
   690 | D        | Killed a komodo dragon
   691 | D        | Reached skill level 12 in Fighting
   694 | D        | Noticed a black mamba
   697 | D        | Noticed a komodo dragon
   702 | D        | Killed a komodo dragon
   706 | D        | Killed a komodo dragon
   707 | D        | Reached skill level 10 in Dodging
   915 | D        | Received a gift from Trog
   916 | D        | Reached skill level 10 in Long Blades
   931 | D        | Mangled by a cane toad

Illustrated notes

Levels and vault maps discovered:
D:        linesprint [early_d, line_temple, items_1, d_10, items_2, lair_1,
          lair_end, items_3, orc_1, orc_end, items_4, d_15, swamp_1, shoals_1,
          snake_1, spider_1, d_20, vaults_1, items_5, swamp_end, shoals_end,
          snake_end, spider_end, vaults_end, d_27, items_6, zot_1, zot_end,
          crypt_end, forest_end, elf_end, slime_end, tomb_end, abyss_end,
          pan_hell_end]

Skill      XL: |  1  2  3  4  5  6  7  8  9 |
---------------+----------------------------+-----
Fighting       | 4 6 7 8 10 11 12 | 12.4
Dodging        | 4 6 7 8 9 10 | 10.0
Unarmed Combat | 5 7 |  7.5
Long Blades    | 2 3 4 7 10 | 10.0
Evocations     | 1 2 |  2.8
Stealth        | |  0.1

Action                   |  1- 3 |  4- 6 |  7- 9 || total
-------------------------+-------+-------+-------++-------
Melee: Unarmed           |    15 |    11 |       ||    26
       Demon blade       |       |    14 |    66 ||    80
       Punch             |       |       |     5 ||     5
Invok: Berserk           |     1 |     1 |     1 ||     3
Evoke: Wand              |       |     2 |     6 ||     8
  Use: Potion            |       |     1 |     5 ||     6
       Scroll            |       |     1 |       ||     1
Armor: Animal skin       |     3 |    10 |    13 ||    26
Dodge: Dodged            |     7 |    18 |    39 ||    64

Table legend: (Time is in decaauts)
 A = Elapsed time spent in this place.
 B = Non-inter-level travel time spent in this place.
 C = Inter-level travel time spent in this place.
 D = Time resting spent in this place.
 E = Time spent auto-exploring this place.
 F = Levels seen in this place.
 G = Mean time per level.
                   A        B        C        D        E       F      G
               +--------+--------+--------+--------+--------+-----+--------+
         Total |    949 |    949 |      0 |    541 |     98 |   1 |  949.0 |
       Dungeon |    949 |    949 |      0 |    541 |     98 |   1 |  949.0 |
               +--------+--------+--------+--------+--------+-----+--------+

Top non-repeatable levels by time:
       D: 949 daAuts
